LNBL
SAINT LOUIS CANARIES @ BIRMINGHAM BLACK MAGIC
06/29/1915
 
TOP OF THE 1ST
Saint Louis Canaries batting - Pitching for Birmingham Black Magic : LHP Wilmer Thomas
Pitching: LHP Wilmer Thomas
Batting: LHB Ollie Haynes 0-0: SINGLE (Line Drive, 89S, EV 91.3 MPH)
Batting: RHB Pap Burke 0-0: Sac Bunt to 15 - play at first, batter OUT! 1-3
Ollie Haynes to second
Batting: RHB John Lewis 0-0: Ball
1-0: Called Strike
1-1: Ball
2-1: Foul Ball, location: 2F
2-2: Ball
3-2: Foul Ball, location: 3FF
3-2: Foul Ball, location: 7LSF
3-2: Strikes out swinging
Batting: RHB Vet Robinson 0-0: Swinging Strike
0-1: Foul Ball, location: 2F
0-2: Strikes out looking
Top of the 1st over - 0 runs, 1 hit, 0 errors, 1 left on base; Saint Louis 0 - Birmingham 0
BOTTOM OF THE 1ST
Birmingham Black Magic batting - Pitching for Saint Louis Canaries : LHP Guy Evans
Pitching: LHP Guy Evans
Batting: SHB Buck Irvin 0-0: Ball
1-0: SINGLE (Groundball, 6M, EV 108.8 MPH)
Batting: RHB Bruce Murphy 0-0: Ball
1-0: Bunt missed!
1-1: Bunted foul
1-2: Ball
2-2: Foul Ball, location: 2F
2-2: Ball
3-2: Base on Balls
Buck Irvin to second
Batting: RHB Wade Nance 0-0: Called Strike
0-1: Ball
1-1: Swinging Strike
1-2: Ball
2-2: Strikes out looking
Batting: RHB Henry Martin 0-0: Ball
1-0: Ball
2-0: Fielders Choice at 2nd, 2-4 (Groundball, 2L, EV 67.5 MPH)
Buck Irvin to third
Batting: RHB Curtis Maxwell 0-0: Called Strike
0-1: Ball
1-1: Ground out U3 (Groundball, 13, EV 84.4 MPH)
Bottom of the 1st over - 0 runs, 1 hit, 0 errors, 2 left on base; Saint Louis 0 - Birmingham 0
TOP OF THE 2ND
Saint Louis Canaries batting - Pitching for Birmingham Black Magic : LHP Wilmer Thomas
Batting: SHB Curtis Mason 0-0: Ball
1-0: Fly out, F3 (Popup, 3L, EV 70.0 MPH)
Batting: SHB See Brown 0-0: DOUBLE (Flyball, 8LXD, EV 101.3 MPH)
Batting: SHB Sam Wigware 0-0: Foul Ball, location: 9LSF
0-1: Ball
1-1: DOUBLE (Flyball, 8RXD, EV 106.9 MPH)
See Brown scores
Batting: SHB Jimmy Harris 0-0: Called Strike
0-1: Called Strike
0-2: Ball
1-2: Ball
2-2: SINGLE (Groundball, 34D, EV 104.4 MPH)
Sam Wigware to third
Batting: RHB Guy Evans 0-0: Ball
1-0: Swinging Strike
1-1: Swinging Strike
1-2: Fielders Choice at 2nd, 3-6 (Groundball, 23, EV 90.6 MPH)
Sam Wigware scores
Batting: LHB Ollie Haynes 0-0: Called Strike
0-1: Foul Ball, location: 23FF
0-2: Ball
1-2: Fly out, F9 (Line Drive, 9, EV 86.3 MPH)
Top of the 2nd over - 2 runs, 3 hits, 0 errors, 1 left on base; Saint Louis 2 - Birmingham 0
BOTTOM OF THE 2ND
Birmingham Black Magic batting - Pitching for Saint Louis Canaries : LHP Guy Evans
Batting: RHB Otha Brown 0-0: Bunt missed!
0-1: Foul Ball, location: 23FF
0-2: SINGLE (Groundball, 6MD, EV 104.4 MPH)
Batting: RHB Jesse O'Neal 0-0: Sac Bunt to 15S - play at first, batter OUT! 1-3
Otha Brown to second
Batting: RHB Walter Handy 0-0: Called Strike
0-1: Hit by Pitch
Batting: RHB Wilmer Thomas 0-0: Foul Ball, location: 3DF
0-1: Ball
1-1: Fly out, F9 (Flyball, 9S, EV 91.9 MPH)
Batting: SHB Buck Irvin 0-0: Ball
1-0: Ball
2-0: Called Strike
2-1: Swinging Strike
2-2: Fielders Choice at 2nd, 5-4 (Groundball, 56, EV 86.9 MPH)
Bottom of the 2nd over - 0 runs, 1 hit, 0 errors, 2 left on base; Saint Louis 2 - Birmingham 0
TOP OF THE 3RD
Saint Louis Canaries batting - Pitching for Birmingham Black Magic : LHP Wilmer Thomas
Batting: RHB Pap Burke 0-0: Ball
1-0: SINGLE (Groundball, 4MD, EV 97.5 MPH)
Batting: RHB John Lewis 0-0: Grounds into double play, 5-4-3 (Groundball, 56, EV 85.0 MPH)
Batting: RHB Vet Robinson 0-0: Ball
1-0: Ball
2-0: Foul Ball, location: 9LSFF
2-1: Foul Ball, location: 3F
2-2: Ball
3-2: Foul Ball, location: 9LSF
3-2: Foul Ball, location: 2RF
3-2: Base on Balls
Batting: SHB Curtis Mason 0-0: Ball
Vet Robinson steals 2nd base
1-0: SINGLE (Line Drive, 56D, EV 101.9 MPH)
Vet Robinson to third
Runner from 3rd tries for Home, SAFE, throw by LF to home
Batting: SHB See Brown 0-0: Foul Ball, location: 9LSF
0-1: DOUBLE (Line Drive, 5D, EV 96.9 MPH)
Curtis Mason to third
Batting: SHB Sam Wigware 0-0: Foul Ball, location: 2F
0-1: Ball
1-1: Swinging Strike
1-2: SINGLE (Groundball, 56D, EV 93.8 MPH)
Curtis Mason scores
See Brown to third
Batting: SHB Jimmy Harris 0-0: Called Strike
Sam Wigware steals 2nd base
0-1: Ball
1-1: Ball
2-1: Foul Ball, location: 25F
2-2: Fly out, F4 (Popup, 34, EV 81.3 MPH)
Top of the 3rd over - 2 runs, 4 hits, 0 errors, 2 left on base; Saint Louis 4 - Birmingham 0
BOTTOM OF THE 3RD
Birmingham Black Magic batting - Pitching for Saint Louis Canaries : LHP Guy Evans
Pitching: LHP Herman Barton
Batting: RHB Bruce Murphy 0-0: Called Strike
0-1: Fly out, F9 (Flyball, 9LS, EV 92.5 MPH)
Batting: RHB Wade Nance 0-0: Ball
1-0: Ball
2-0: Ball
3-0: Called Strike
3-1: Foul Ball, location: 25F
3-2: Foul Ball, location: 2LF
3-2: Foul Ball, location: 9LMF
3-2: Fly out, F9 (Line Drive, 9S, EV 89.4 MPH)
Batting: RHB Henry Martin 0-0: Called Strike
0-1: Ball
1-1: Ball
2-1: Ground out 3-1 (Groundball, 34, EV 88.1 MPH)
Bottom of the 3rd over - 0 runs, 0 hits, 0 errors, 0 left on base; Saint Louis 4 - Birmingham 0
TOP OF THE 4TH
Saint Louis Canaries batting - Pitching for Birmingham Black Magic : LHP Wilmer Thomas
Batting: LHB Herman Barton 0-0: Swinging Strike
0-1: Fly out, F8 (Flyball, 78S, EV 86.3 MPH)
Batting: LHB Ollie Haynes 0-0: Ball
1-0: Ball
2-0: Ball
3-0: Called Strike
3-1: Base on Balls
Batting: RHB Pap Burke 0-0: SINGLE (Line Drive, 8LS, EV 103.1 MPH)
Ollie Haynes to second
Batting: RHB John Lewis 0-0: SINGLE (Groundball, 4MD, EV 98.1 MPH)
Ollie Haynes to third
Pap Burke to second
Runner from 3rd tries for Home, SAFE, throw by CF to home
Batting: RHB Vet Robinson 0-0: Called Strike
0-1: Called Strike
Pap Burke steals 3rd base
John Lewis to second
0-2: Ball
1-2: Foul Ball, location: 3DF
1-2: Ball
2-2: Foul Ball, location: 2F
2-2: Ball
3-2: Base on Balls
Batting: SHB Curtis Mason 0-0: Fly out, F8 (Flyball, 78M, EV 79.4 MPH)
Runner from 3rd tags up, SCORES, throw by CF
Batting: SHB See Brown 0-0: Ball
1-0: Ball
2-0: Ball
3-0: Base on Balls
John Lewis to third
Vet Robinson to second
Batting: SHB Sam Wigware 0-0: Ball
1-0: Ball
2-0: Ball
3-0: Swinging Strike
3-1: Swinging Strike
3-2: Foul Ball, location: 3F
3-2: Fly out, F3 (Popup, 3SF, EV 70.0 MPH)
Top of the 4th over - 2 runs, 2 hits, 0 errors, 3 left on base; Saint Louis 6 - Birmingham 0
BOTTOM OF THE 4TH
Birmingham Black Magic batting - Pitching for Saint Louis Canaries : LHP Herman Barton
Batting: RHB Curtis Maxwell 0-0: Ball
1-0: Ball
2-0: Called Strike
2-1: Called Strike
2-2: Ball
3-2: Strikes out swinging
Batting: RHB Otha Brown 0-0: Called Strike
0-1: Fly out, F3 (Popup, 3SF, EV 76.9 MPH)
Batting: RHB Jesse O'Neal 0-0: Foul Ball, location: 2F
0-1: Foul Ball, location: 5FF
0-2: Foul Ball, location: 2F
0-2: Ball
1-2: Ground out 5-3 (Groundball, 56S, EV 81.3 MPH)
Bottom of the 4th over - 0 runs, 0 hits, 0 errors, 0 left on base; Saint Louis 6 - Birmingham 0
TOP OF THE 5TH
Saint Louis Canaries batting - Pitching for Birmingham Black Magic : LHP Wilmer Thomas
Batting: SHB Jimmy Harris 0-0: Ball
1-0: Ground out 6-3 (Groundball, 56, EV 100.0 MPH)
Batting: LHB Herman Barton 0-0: Foul Ball, location: 2F
0-1: Ball
1-1: Fly out, F2 (Popup, 23F, EV 83.8 MPH)
Batting: LHB Ollie Haynes 0-0: Called Strike
0-1: Ground out 6-3 (Groundball, 6S, EV 88.8 MPH)
Top of the 5th over - 0 runs, 0 hits, 0 errors, 0 left on base; Saint Louis 6 - Birmingham 0
BOTTOM OF THE 5TH
Birmingham Black Magic batting - Pitching for Saint Louis Canaries : LHP Herman Barton
Batting: RHB Walter Handy 0-0: Called Strike
0-1: SINGLE (Flyball, 8LS, EV 95.0 MPH)
Batting: RHB Wilmer Thomas 0-0: Sac Bunt to 2R - play at first, batter OUT! 2-3
Walter Handy to second
Batting: SHB Buck Irvin 0-0: Ball
1-0: Called Strike
1-1: Called Strike
1-2: Ball
2-2: Ball
3-2: Foul Ball, location: 2F
3-2: Foul Ball, location: 2F
3-2: Base on Balls
Batting: RHB Bruce Murphy 0-0: Fielders Choice at 2nd, 2-4 (Groundball, 15S, EV 68.1 MPH)
Walter Handy to third
Batting: RHB Wade Nance 0-0: Ball
1-0: Called Strike
1-1: Ball
2-1: Fly out, F4 (Line Drive, 3D, EV 67.5 MPH)
Bottom of the 5th over - 0 runs, 1 hit, 0 errors, 2 left on base; Saint Louis 6 - Birmingham 0
TOP OF THE 6TH
Saint Louis Canaries batting - Pitching for Birmingham Black Magic : LHP Wilmer Thomas
Batting: RHB Pap Burke 0-0: Called Strike
0-1: Fly out, F9 (Line Drive, 9S, EV 68.8 MPH)
Batting: RHB John Lewis 0-0: Swinging Strike
0-1: Called Strike
0-2: Ball
1-2: Ball
2-2: DOUBLE (Line Drive, 78XD, EV 106.9 MPH)
Batting: RHB Vet Robinson 0-0: Called Strike
0-1: Called Strike
0-2: Foul Ball, location: 9LSF
0-2: Foul Ball, location: 5F
0-2: Ball
1-2: Fly out, F8 (Flyball, 8RD, EV 97.5 MPH)
Batting: SHB Curtis Mason 0-0: Ball
1-0: SINGLE (Groundball, 34D, EV 96.3 MPH)
John Lewis to third
Batting: SHB See Brown 0-0: Swinging Strike
0-1: Foul Ball, location: 2F
0-2: Fielders Choice at 2nd, 5-4 (Groundball, 56, EV 106.9 MPH)
Top of the 6th over - 0 runs, 2 hits, 0 errors, 2 left on base; Saint Louis 6 - Birmingham 0
BOTTOM OF THE 6TH
Birmingham Black Magic batting - Pitching for Saint Louis Canaries : LHP Herman Barton
Batting: RHB Henry Martin 0-0: Swinging Strike
0-1: Fly out, F8 (Flyball, 8RM, EV 81.9 MPH)
Batting: RHB Curtis Maxwell 0-0: Called Strike
0-1: Swinging Strike
0-2: Strikes out swinging
Batting: RHB Otha Brown 0-0: Hit by Pitch
Batting: RHB Jesse O'Neal 0-0: Called Strike
0-1: Ball
1-1: Called Strike
1-2: Ball
2-2: Ball
Otha Brown is caught stealing 2nd base 2-4
Bottom of the 6th over - 0 runs, 0 hits, 0 errors, 0 left on base; Saint Louis 6 - Birmingham 0
TOP OF THE 7TH
Saint Louis Canaries batting - Pitching for Birmingham Black Magic : LHP Wilmer Thomas
Batting: SHB Sam Wigware 0-0: Swinging Strike
0-1: Ball
1-1: Ball
2-1: Foul Ball, location: 2F
2-2: Foul Ball, location: 3F
2-2: Ball
3-2: Reached on error, E6 (Groundball, 6, EV 101.9 MPH)
Pitching: RHP Herbert Cash
Batting: SHB Jimmy Harris 0-0: Ball
1-0: Ball
2-0: Called Strike
2-1: Foul Ball, location: 3F
2-2: Ball
3-2: Base on Balls
Batting: LHB Herman Barton 0-0: Sac Bunt to 2L - play at first, batter OUT! 2-4
Sam Wigware to third
Jimmy Harris to second
Batting: LHB Ollie Haynes 0-0: Called Strike
0-1: Swinging Strike
0-2: Strikes out swinging, 2-3 out at first.
Batting: RHB Pap Burke 0-0: Ball
1-0: Ball
2-0: Called Strike
2-1: Ball
3-1: Swinging Strike
3-2: Foul Ball, location: 3SF
3-2: Fly out, F2 (Popup, 25F, EV 89.4 MPH)
Top of the 7th over - 0 runs, 0 hits, 1 error, 2 left on base; Saint Louis 6 - Birmingham 0
BOTTOM OF THE 7TH
Birmingham Black Magic batting - Pitching for Saint Louis Canaries : LHP Herman Barton
Batting: RHB Jesse O'Neal 0-0: Ball
1-0: Ball
2-0: Ball
3-0: Called Strike
3-1: Base on Balls
Batting: RHB Walter Handy 0-0: Ball
1-0: Ball
2-0: Foul Ball, location: 2F
2-1: SINGLE (Line Drive, 8RS, EV 86.9 MPH)
Jesse O'Neal to second
Pinch Hitting: RHB Ernest Marshall 0-0: Ball
1-0: Called Strike
1-1: Ball
2-1: Swinging Strike
2-2: Grounds into double play, 1-6-3 (Groundball, 34S, EV 73.8 MPH)
Jesse O'Neal to third
Pinch Hitting: RHB Slim Richardson 0-0: Ball
1-0: Foul Ball, location: 9LDF
1-1: Ball
2-1: Ball
3-1: SINGLE (Groundball, 34D, EV 102.5 MPH)
Jesse O'Neal scores
Pitching: LHP Lynn Shartz
Batting: RHB Bruce Murphy 0-0: Foul Ball, location: 3F
0-1: Ground out 4-3 (Groundball, 34, EV 108.8 MPH)
Bottom of the 7th over - 1 run, 2 hits, 0 errors, 1 left on base; Saint Louis 6 - Birmingham 1
TOP OF THE 8TH
Saint Louis Canaries batting - Pitching for Birmingham Black Magic : RHP Herbert Cash
Pitching: LHP Roughhouse Stubblefield
Now at SS: Ernest Marshall
Now in CF: Otha Brown
Batting: RHB John Lewis 0-0: Called Strike
0-1: DOUBLE (Groundball, 5L, EV 110.6 MPH)
Batting: RHB Vet Robinson 0-0: Foul Ball, location: 3F
0-1: TRIPLE (Flyball, 8LXD, EV 95.6 MPH)
John Lewis scores
Batting: SHB Curtis Mason 0-0: Called Strike
0-1: Ball
1-1: Ball
2-1: Ball
3-1: Called Strike
3-2: Base on Balls
Batting: SHB See Brown 0-0: Ball
1-0: Ball
2-0: Ball
3-0: Base on Balls
Curtis Mason to second
Batting: SHB Sam Wigware 0-0: Ball
1-0: Foul Ball, location: 2F
1-1: Foul Ball, location: 5F
1-2: Ball
2-2: Ball
3-2: Ground out 6-3 (Groundball, 56D, EV 98.8 MPH)
Vet Robinson scores
Curtis Mason to third
See Brown to second
Batting: SHB Jimmy Harris 0-0: Ground out 4-3 (Groundball, 4, EV 88.1 MPH)
Curtis Mason scores
See Brown to third
Batting: LHB Lynn Shartz 0-0: Ball
1-0: Ground out 4-3 (Groundball, 4MD, EV 96.9 MPH)
Top of the 8th over - 3 runs, 2 hits, 0 errors, 1 left on base; Saint Louis 9 - Birmingham 1
BOTTOM OF THE 8TH
Birmingham Black Magic batting - Pitching for Saint Louis Canaries : LHP Lynn Shartz
Pinch Hitting: RHB Pat Willis 0-0: Ball
1-0: Foul Ball, location: 2F
1-1: Foul Ball, location: 9LMF
1-2: Fly out, F3 (Popup, 3S, EV 68.1 MPH)
Pinch Hitting: RHB Jimmy Butts 0-0: Foul Ball, location: 2F
0-1: Ball
1-1: Ball
2-1: Ground out 1-3 (Groundball, 15S, EV 71.9 MPH)
Pinch Hitting: RHB Bobby Jones 0-0: Called Strike
0-1: Called Strike
0-2: SINGLE (Flyball, 56D, EV 100.6 MPH)
Batting: RHB Otha Brown 0-0: Called Strike
0-1: Ball
1-1: Ball
2-1: Foul Ball, location: 23FF
2-2: Foul Ball, location: 2F
2-2: Ball
3-2: Base on Balls
Bobby Jones to second
Batting: RHB Jesse O'Neal 0-0: Ball
1-0: Foul Ball, location: 2F
1-1: Called Strike
1-2: Ground out 4-3 (Groundball, 4, EV 76.9 MPH)
Bottom of the 8th over - 0 runs, 1 hit, 0 errors, 2 left on base; Saint Louis 9 - Birmingham 1
TOP OF THE 9TH
Saint Louis Canaries batting - Pitching for Birmingham Black Magic : LHP Roughhouse Stubblefield
Now at 3B: Bobby Jones
Now in LF: Pat Willis
Now in RF: Jimmy Butts
Pinch Hitting: SHB Candasie Addison 0-0: Ball
1-0: Ball
2-0: Called Strike
2-1: Swinging Strike
2-2: Strikes out swinging
Batting: RHB Pap Burke 0-0: Ball
1-0: Called Strike
1-1: Swinging Strike
1-2: Strikes out looking
Pinch Hitting: RHB Melvin Barrow 0-0: Called Strike
0-1: Called Strike
0-2: Ball
1-2: Strikes out swinging
Top of the 9th over - 0 runs, 0 hits, 0 errors, 0 left on base; Saint Louis 9 - Birmingham 1
BOTTOM OF THE 9TH
Birmingham Black Magic batting - Pitching for Saint Louis Canaries : LHP Lynn Shartz
Now at 1B: Candasie Addison
Now in LF: Vet Robinson
Now in RF: Melvin Barrow
Batting: RHB Walter Handy 0-0: Ball
1-0: Swinging Strike
1-1: Called Strike
1-2: Ball
2-2: Ball
3-2: Base on Balls
Batting: RHB Ernest Marshall 0-0: Ground out 6-3 (Groundball, 6S, EV 90.0 MPH)
Walter Handy to second
Pinch Hitting: LHB Harry McIntosh 0-0: SINGLE (Line Drive, 78S, EV 91.9 MPH)
Walter Handy to third
Pinch Hitting: SHB Robert Williams 0-0: Ball
1-0: Ball
2-0: Fly out, F2 (Popup, 5SF, EV 81.3 MPH)
Pinch Hitting: LHB Jim Green 0-0: Called Strike
0-1: Ball
1-1: Ball
2-1: Ground out 4-3 (Groundball, 34D, EV 95.6 MPH)
Bottom of the 9th over - 0 runs, 1 hit, 0 errors, 2 left on base; Saint Louis 9 - Birmingham 1
Thursday, November 21st , 2024 - OOTP Baseball 25.10 Build 95